 Dungeon Crawl Stone Soup version 0.24.0-37-gcf1ca852f1 (webtiles) character file.

Game seed: 10485222859194045087, levelgen mode: deterministic

69 sankara the Ruffian (level 4, -1/38 HPs)
             Began as a Ghoul Monk on Nov 25, 2019.
             Slain by a gnoll
             ... wielding a +0 halberd of venom
              (8 damage)
             ... on level 2 of the Dungeon.
             The game lasted 00:06:41 (1318 turns).

sankara the Ruffian (Ghoul Monk)                    Turns: 1318, Time: 00:06:42

Health: -1/38      AC:  3    Str: 14    XL:     4   Next: 20%
Magic:  3/3        EV: 12    Int:  6    God:
Gold:   52         SH:  0    Dex: 11    Spells: 3/3 levels left

rFire    . . .     SeeInvis .     - Unarmed
rCold    + . .     Gourm    .   (no shield)
rNeg     + + +     Faith    .   c - +0 robe (curse)
rPois    ∞         Spirit   .   n - +0 helmet (curse)
rElec    .         Reflect  .   (no cloak)
rCorr    .         Harm     .   (no gloves)
MR       .....                  (no boots)
Stlth    ++........             (no amulet)
HPRegen  0.00/turn              (no ring)
MPRegen  0.08/turn              (no ring)

@: rotting
A: rotting body, claws 1, carnivore, cold resistance 1, negative energy
resistance 3, inhibited regeneration, torment resistance, unbreathing
a: no special abilities


You were on level 2 of the Dungeon.
You were not hungry.

You visited 1 branch of the dungeon, and saw 2 of its levels.

You collected 52 gold pieces.

Inventory:

Hand Weapons
 d - a +0 spear
Missiles
 e - 45 stones (quivered)
 j - 8 javelins
Armour
 c - a cursed +0 robe (worn)
 n - a cursed +0 helmet (worn)
Jewellery
 a - an uncursed ring of ice {unknown}
Scrolls
 f - a scroll of enchant weapon {unknown}
 g - 2 scrolls of remove curse {unknown}
 h - a scroll of identify {unknown}
 i - 2 scrolls of enchant armour {unknown}
Potions
 l - a potion of magic {unknown}
 m - a potion of curing {unknown}
Comestibles
 b - 2 rations
 k - 7 chunks of flesh


   Skills:
 - Level 3.2 Fighting
 - Level 2.6 Dodging
 - Level 2.1 Stealth
 + Level 5.4 Unarmed Combat


You had 3 spell levels left.
You didn't know any spells.
Your spell library was empty.

Dungeon Overview and Level Annotations

Branches:
Dungeon (2/15)

Altars:


Innate Abilities, Weirdness & Mutations

Your body is rotting away.
You thrive on raw meat.
You are immune to poison.
You have sharp fingernails.
You are carnivorous and can eat meat at any time.
Your flesh is cold resistant. (rC+)
You are immune to negative energy. (rN+++)
You do not regenerate when monsters are visible.
You are immune to unholy pain and torment.
You can survive without breathing.


Message History

The hobgoblin closely misses you.
You closely miss the hobgoblin. The hobgoblin closely misses you.
The gnoll hits you but does no damage.
You scratch the hobgoblin but do no damage.
The hobgoblin hits you but does no damage.
The gnoll hits you from afar with a +0 halberd of venom!
The gnoll misses you.
You scratch the hobgoblin but do no damage.
The hobgoblin closely misses you. The gnoll closely misses you.
You scratch the hobgoblin but do no damage.
The gnoll barely misses you. The hobgoblin closely misses you.
You closely miss the hobgoblin.
The gnoll hits you from afar with a +0 halberd of venom!
The gnoll hits you from afar with a +0 halberd!
* * * LOW HITPOINT WARNING * * *
The hobgoblin hits you but does no damage.
You scratch the hobgoblin.
You kill the hobgoblin!
The gnoll hits you from afar with a +0 halberd of venom!
You die...

....>.........# ##......#
...........g#.## ##.....^.
...............###........
............).............
.........#.##...#.........
.....#####.#####..........
.....# ... #gg........
.....# .#.# #†#........ ..
.... ##@#.#.....# . ##
#....##.###. #...###.##
##..###<.# ##...#..#
#..#....#
####..###........
#.....###.###....
#...........# ...


You could see 2 gnolls.

Vanquished Creatures
  3 adders (D:2)
  An ooze (D:1)
  3 worms (D:2)
  8 giant cockroaches
  7 hobgoblins
  3 bats
  2 frilled lizards (D:1)
  A rat (D:1)
28 creatures vanquished.

Notes
Turn   | Place    | Note
-------+----------+-------------------------------------------
     0 | D:1      | sankara the Ghoul Monk began the quest for the Orb.
     0 | D:1      | Reached XP level 1. HP: 19/19 MP: 0/0
   201 | D:1      | Reached XP level 2. HP: 17/26 MP: 1/1
   314 | D:1      | Reached skill level 4 in Unarmed Combat
   922 | D:2      | Reached XP level 3. HP: 13/31 MP: 2/2
  1174 | D:2      | Reached skill level 5 in Unarmed Combat
  1218 | D:2      | Reached XP level 4. HP: 38/38 MP: 3/3
  1318 | D:2      | Slain by a gnoll

Levels and vault maps discovered:
D:1:      dpeg_arrival_chase, layout_loops_ring
D:2:      minmay_spotlight, layout_rooms, chequers_ecumenical_altar_simple_redux

Skill      XL: |  1  2  3 |
---------------+----------+-----
Unarmed Combat | 4 5 |  5.4
Fighting       | |  3.2
Dodging        | |  2.6
Stealth        | |  2.1

Action                   |  1- 3 |  4- 6 || total
-------------------------+-------+-------++-------
Melee: Unarmed           |    79 |    15 ||    94
       Punch             |     1 |       ||     1
Throw: Stone             |       |     1 ||     1
 Stab: Sleeping          |    10 |       ||    10
  Eat: Chunk             |    10 |     1 ||    11
Armor: Robe              |    13 |     9 ||    22
Dodge: Dodged            |    40 |    12 ||    52
